 Dungeon Crawl Stone Soup version 0.28.0-1-gb440e238dd (webtiles) character file.

Game seed: 3107935544261762816

25 jfcaron the Skirmisher (level 3, -6/23 HPs)
             Began as a Kobold Fighter on Feb 22, 2022.
             Mangled by a gnoll (7 damage)
             ... on level 2 of the Dungeon.
             The game lasted 00:00:58 (878 turns).

jfcaron the Skirmisher (Kobold Fighter)              Turns: 878, Time: 00:00:58

Health: -6/23      AC:  6    Str: 15    XL:     3   Next: 20%
Magic:  3/3        EV: 10    Int:  9    God:
Gold:   16         SH:  5    Dex: 14    Spells: 2/2 levels left

rFire   . . .      SeeInvis .   a - +0 rapier
rCold   . . .      Faith    .   c - +0 buckler
rNeg    . . .      Spirit   .   b - +0 scale mail
rPois   .          Reflect  .   (no helmet)
rElec   .          Harm     .   (no cloak)
rCorr   .          Rampage  .   (no gloves)
Will    .....                   (no boots)
Stlth   +.........              (no amulet)
HPRegen 0.07/turn               (no ring)
MPRegen 0.08/turn               (no ring)

@: no status effects
A: small, no large weapons, nightstalker 3
a: no special abilities


You were on level 2 of the Dungeon.
You visited 1 branch of the dungeon, and saw 2 of its levels.

You collected 16 gold pieces.

Inventory:

Hand Weapons
 a - a +0 rapier (weapon)
Missiles
 j - 18 stones (quivered)
Armour
 b - a +0 scale mail (worn)
 c - a +0 buckler (worn)
Scrolls
 e - 4 scrolls of identify {unknown}
 g - a scroll of teleportation {unknown}
Potions
 d - a potion of might
 f - a potion of attraction {unknown}
 h - a potion of heal wounds {unknown}
 i - a potion of magic {unknown}


   Skills:
 + Level 3.6 Fighting
 + Level 3.2 Short Blades
 + Level 2.7 Armour
 + Level 2.7 Shields


You had 2 spell levels left.
You didn't know any spells.
Your spell library was empty.

Dungeon Overview and Level Annotations

Branches:
Dungeon (2/15)

Altars:


Innate Abilities, Weirdness & Mutations

You are small and have problems with some larger weapons.
You are completely attuned to the shadows.


Message History

You throw a stone. The gnoll shouts!
The stone hits the gnoll but does no damage.
You throw a stone. The stone hits the gnoll.
The gnoll is lightly wounded.
You block the gnoll's attack.
You puncture the gnoll!
The gnoll is severely wounded.
The gnoll hits you with a +0 spear.
You barely miss the gnoll.
The gnoll is severely wounded.
The gnoll shouts!
The gnoll hits you with a +0 spear.
You hit the gnoll.
You kill the gnoll!
You have reached level 3!
Your experience leads to an increase in your attributes!
Increase (S)trength, (I)ntelligence, or (D)exterity?
You feel stronger. x2
You hit the gnoll but do no damage. The gnoll hits you with a +0 club.
You hit the gnoll.
The gnoll is heavily wounded.
The gnoll closely misses you.
You hit the gnoll.
The gnoll is severely wounded.
The gnoll hits you with a +0 club!
You are too injured to fight recklessly!
You are too injured to fight recklessly!
You barely miss the gnoll.
The gnoll is severely wounded.
The gnoll hits you with a +0 club.
* * * LOW HITPOINT WARNING * * *
You closely miss the gnoll.
The gnoll is severely wounded.
The gnoll hits you but does no damage.
Okay, then.
You closely miss the gnoll.
The gnoll is severely wounded.
The gnoll hits you with a +0 club!
You die...

#..# #.##
#.# #.#
#.# #.# (
#.# (.
#.####...
#.@g)..>.
######...
.( .
#########


You could see a gnoll.

Vanquished Creatures
  2 gnolls
  An endoplasm (D:1)
  2 goblins (D:1)
  A quokka (D:1)
  A frilled lizard (D:2)
7 creatures vanquished.

Notes
Turn   | Place    | Note
-------+----------+-------------------------------------------
     0 | D:1      | jfcaron the Kobold Fighter began the quest for the Orb.
     0 | D:1      | Reached XP level 1. HP: 14/14 MP: 1/1
   672 | D:1      | Reached XP level 2. HP: 10/19 MP: 2/2
   871 | D:2      | Reached XP level 3. HP: 16/23 MP: 3/3
   876 | D:2      | HP: 1/23 [gnoll (6)]
   878 | D:2      | Mangled by a gnoll

Illustrated notes

Levels and vault maps discovered:
D:1:      minmay_arrival_jagged, layout_loops_ring
D:2:      kennysheep_the_goblin_king, layout_loops_corners,
          minmay_crystal_water, dk_noncrumbling_4

Skill      XL: |  1 |
---------------+----+-----
Short Blades   | 3 |  3.2
Fighting       | |  3.6
Armour         | |  2.7
Shields        | |  2.7

Action                   || total
-------------------------++-------
Melee: Rapier            ||    29
Throw: Stone             ||     4
Armor: Scale mail        ||     7
Dodge: Dodged            ||    13
Block: Buckler           ||     5
